 Dungeon Crawl Stone Soup version 0.19.0-18-g426998a (webtiles) character file.

2139 Krapule the Skirmisher (level 9, -8/72 HPs)
             Began as a Formicid Abyssal Knight on Nov 11, 2016.
             Was an Elder of Lugonu.
             Mangled by an orc warrior
             ... wielding a +0 long sword
              (9 damage)
             ... on level 5 of the Dungeon.
             The game lasted 00:31:11 (8765 turns).

Krapule the Skirmisher (Formicid Abyssal Knight)    Turns: 8765, Time: 00:31:12

Health: -8/72      AC: 13    Str: 17    XL:     9   Next: 55%
Magic:  13/13      EV:  6    Int: 15    God:    Lugonu [****..]
Gold:   368        SH:  0    Dex: 10    Spells: 0 memorised, 8 levels left

rFire  . . .     SeeInvis +     B - +1 glaive (flame)
rCold  . . .     Gourm    .     u - +0 plate armour
rNeg   + . .     Faith    .     (no shield)
rPois  .         Spirit   .     (helmet unavailable)
rElec  .         Reflect  .     (no cloak)
rCorr  .         Harm     .     (no gloves)
MR     .....                    (no boots)
Stlth  ..........               (no amulet)
                                o - ring of positive energy
                                d - ring of stealth

@: no status effects
A: permanent stasis, dig shafts and tunnels, four strong arms, antennae 3
a: Dig, Shaft Self, Depart the Abyss, Bend Space, Banish, Corrupt, Renounce
Religion


You were on level 5 of the Dungeon.
You worshipped Lugonu.
Lugonu was greatly pleased with you.
You were not hungry.

You visited 1 branch of the dungeon, and saw 6 of its levels.
You visited the Abyss 1 time.
You also visited: Sewer.

You collected 368 gold pieces.

Inventory:

Hand Weapons
 a - a +1 spear
 w - a +0 trident
 y - a +1 spear of venom
 B - a +1 glaive of flaming (weapon)
Missiles
 z - a throwing net (quivered)
Armour
 u - a +0 plate armour (worn)
Jewellery
 d - a ring of stealth (left hand)
 o - a ring of positive energy (right hand)
 A - the ring "Goistamom" {Ice +Fly Str+3, unknown}
   (You took it off an orc warrior on level 6 of the Dungeon)

   [ring of ice]

   It enhances your ice magic.
   It affects your strength (+3).
   It makes you vulnerable to fire.
   It protects you from cold.
   It lets you fly.
Scrolls
 b - a scroll of fear {unknown}
 i - a scroll of identify
 p - a scroll of amnesia {unknown}
 r - 3 scrolls of remove curse
Potions
 e - 2 potions of cure mutation
 f - a potion of ambrosia
 h - 2 potions of heal wounds
 j - 3 potions of resistance
 k - 6 potions of magic
 m - 4 potions of flight
 n - 3 potions of curing
 s - a potion of brilliance {unknown}
 t - 4 potions of haste {unknown}
 x - 2 potions of might {unknown}
Books
 g - a book of Callings

   Spells                             Type                      Level
   a - Summon Small Mammal            Summoning                    1
   b - Call Imp                       Summoning                    2
   c - Call Canine Familiar           Summoning                    3
   d - Summon Guardian Golem          Hexes/Summoning              3
   e - Summon Lightning Spire         Summoning/Air                4
   f - Summon Ice Beast               Ice/Summoning                4
 v - the Handbook of Unstable Envenoming
   (You found it on level 4 of the Dungeon)

   Spells                             Type                      Level
   a - Ignite Poison                  Fire/Transmutation/Poison    3
   b - Olgreb's Toxic Radiance        Poison                       4
   c - Petrify                        Transmutation/Earth          4
   d - Irradiate                      Conjuration/Transmutation    5
Comestibles
 c - 6 bread rations
 l - 3 beef jerkies
 q - 4 slices of pizza
 C - a chunk of flesh


   Skills:
 + Level 7.1 Fighting
 + Level 6.0 Polearms
 + Level 6.6 Armour
 - Level 2.0 Dodging
 + Level 5.6 Stealth
 + Level 5.9 Invocations


You had 8 spell levels left.
You didn't know any spells.

Dungeon Overview and Level Annotations

Branches:
Dungeon (6/15)             Temple (0/1) D:6

Altars:
Cheibriados
Hepliaklqana
Kikubaaqudgha
Qazlal
Ru
Sif Muna
Uskayaw
Yredelemnul

Shops:
D:4 =   D:5 *:[%

Annotations:
D:4 junkhipster's ghost, amateur DsFi


Innate Abilities, Weirdness & Mutations

You are under a permanent stasis effect.
You can dig through walls and to a lower floor.
Your four strong arms can wield two-handed weapons with a shield.
You have a pair of large antennae on your head. (SInv)


Message History

The orc warrior hits you with a long sword!
You closely miss the orc warrior.
The orc warrior is heavily wounded.
The orc warrior barely misses you.
You closely miss the orc warrior.
The orc warrior is heavily wounded.
The orc warrior hits you with a long sword!
* * * LOW HITPOINT WARNING * * *
The orc warrior hits you with a long sword.
* * * LOW HITPOINT WARNING * * *
There is a staircase to the Ecumenical Temple here.
There is a stone staircase leading up here.
You climb upwards.
There is a stone staircase leading down here.
You hit the orc warrior but do no damage.
The orc warrior is heavily wounded.
The orc warrior hits you with a long sword!
* * * LOW HITPOINT WARNING * * *
The orc warrior hits you with a long sword!
You die...

######## ######### #......#
#.......# #.####.###
#.......####.####...#
#................##.#
##..÷....####.###.##.#
#..<#'#### #.....##.#
#.#....# ###########.######
#.#.#..# #@........).......
###.#.#..# #o###.#.#####.....
#......^.# #.###.#.# #....∩
#.#.#.#.## #.....#.# #.....
#.#.#.#.# #..####.# #.....
#...#.#.####..# #.# #.....
#####.#.).)...####.#####.....
#.######...........'.....
#.......######.#####.....


You could see an orc warrior.

Vanquished Creatures
  Sigmund (D:6)
  A water moccasin (D:5)
  2 orc warriors (D:6)
  2 phantoms (D:6)
  2 ogres
  A centaur (D:5)
  A bullfrog (D:5)
  A water moccasin zombie (D:5)
  2 scorpions
  The ghost of rhapsody01 the Skirmisher, a weakling HuBe of Trog (D:3)
  2 howler monkeys
  2 crimson imps (D:6)
  3 hounds
  4 orc priests
  2 centaur skeletons
  An iguana (D:6)
  8 orc wizards
  A hound zombie (D:5)
  A hound skeleton (D:6)
  14 adders
  3 gnolls (D:5)
  A howler monkey skeleton (D:5)
  3 shadow imps
  An ufetubus (Abyss:1)
  An ooze (D:4)
  2 adder zombies (D:5)
  3 worms
  5 dart slugs
  5 leopard geckos
  23 orcs
  3 bats
  3 giant cockroaches
  8 goblins
  8 hobgoblins
  14 jackals
  A quokka (D:6)
  6 ball pythons
  8 frilled lizards
  6 kobolds
  A quokka skeleton (D:6)
  13 rats
  4 plants (Sewer)
174 creatures vanquished.

Notes
Turn   | Place    | Note
-------+----------+-------------------------------------------
     0 | Abyss:1  | Krapule the Formicid Abyssal Knight began the quest for the Orb.
     0 | Abyss:1  | Reached XP level 1. HP: 18/18 MP: 2/2
    34 | Abyss:1  | Found a corrupted altar of Lugonu.
   131 | Abyss:1  | Found an opulent altar of Gozag.
   139 | Abyss:1  | Found an opulent altar of Gozag.
   200 | Abyss:1  | Noticed an efreet
   201 | D:1      | Escaped the Abyss
   211 | D:1      | Reached XP level 2. HP: 20/24 MP: 1/3
   274 | D:1      | Reached * piety under Lugonu
   650 | D:1      | Reached XP level 3. HP: 30/30 MP: 4/4
   720 | D:1      | Reached skill level 4 in Fighting
   727 | D:1      | Reached skill level 1 in Dodging
  1417 | D:2      | Reached XP level 4. HP: 37/37 MP: 5/5
  1533 | D:2      | Found a snail-covered altar of Cheibriados.
  1539 | D:2      | Found a deep blue altar of Sif Muna.
  1540 | D:2      | Found a basalt altar of Yredelemnul.
  1541 | D:2      | Found a sacrificial altar of Ru.
  1542 | D:2      | Found a hide-covered altar of Uskayaw.
  1543 | D:2      | Found a hazy altar of Hepliaklqana.
  1544 | D:2      | Found a stormy altar of Qazlal.
  1671 | D:3      | Noticed rhapsody01's ghost (weakling HuBe)
  1823 | D:3      | Reached XP level 5. HP: 21/43 MP: 6/6
  1845 | D:3      | Reached ** piety under Lugonu
  2246 | D:3      | HP: 2/43 [orc/club (3)]
  2658 | D:3      | Reached XP level 6. HP: 32/49 MP: 7/7
  3821 | D:4      | Noticed junkhipster's ghost (amateur DsFi)
  3871 | D:4      | Identified the Handbook of Unstable Envenoming
  3946 | D:4      | Noticed an ogre
  3978 | D:4      | Killed an ogre
  3978 | D:4      | Reached *** piety under Lugonu
  3978 | D:4      | Reached skill level 5 in Fighting
  3978 | D:4      | Reached XP level 7. HP: 42/56 MP: 8/8
  4125 | D:4      | Reached skill level 1 in Stealth
  4394 | D:4      | Found Kezxiwes's Jewellery Shop.
  4599 | D:5      | Entered Level 5 of the Dungeon
  4606 | D:5      | Noticed a water moccasin
  4623 | D:5      | Killed a water moccasin
  4623 | D:5      | Reached skill level 5 in Armour
  4842 | D:5      | Reached XP level 8. HP: 32/63 MP: 10/10
  5090 | D:5      | Found Lagoerphutho's Book Boutique.
  5272 | D:6      | Found a glowing drain.
  5300 | D:6      | Reached skill level 5 in Polearms
  5352 | Sewer    | Entered a sewer
  5863 | Sewer    | Reached **** piety under Lugonu
  7130 | D:3      | Killed rhapsody01's ghost
  7130 | D:3      | Reached skill level 6 in Fighting
  7527 | D:5      | Found Guhapn's General Store.
  7767 | D:5      | Found Xosoesso's Food Shop.
  7815 | D:5      | Found Ruodghat's Antique Armour Boutique.
  7882 | D:5      | Found an ancient bone altar of Kikubaaqudgha.
  7935 | D:5      | Reached XP level 9. HP: 68/69 MP: 12/12
  8052 | D:6      | Reached skill level 5 in Invocations
  8265 | D:6      | Reached skill level 5 in Stealth
  8279 | D:6      | Found a staircase to the Ecumenical Temple.
  8279 | D:6      | Noticed Sigmund
  8291 | D:6      | Killed Sigmund
  8666 | D:6      | Got an ancient lead ring
  8701 | D:6      | Reached skill level 7 in Fighting
  8765 | D:5      | HP: 1/72 [orc warrior/long sword (11)]
  8765 | D:5      | Mangled by an orc warrior

Skill      XL: |  1  2  3  4  5  6  7  8  9 |
---------------+----------------------------+-----
Fighting       | 4 5 6 7 |  7.1
Dodging        | 1 2 |  2.0
Polearms       | 3 4 5 6 |  6.0
Armour         | 3 4 5 6 |  6.6
Stealth        | 2 4 5 |  5.6
Invocations    | 3 4 5 |  5.9

Action                   |  1- 3 |  4- 6 |  7- 9 || total
-------------------------+-------+-------+-------++-------
Melee: Spear             |   113 |   359 |   162 ||   634
       Trident           |       |       |   605 ||   605
       Glaive            |       |       |    26 ||    26
Invok: Depart the Abyss  |     1 |       |       ||     1
  Use: Scroll            |       |     4 |     8 ||    12
       Potion            |       |       |     1 ||     1
  Eat: Chunk             |     2 |     8 |    13 ||    23
       Meat ration       |       |       |     1 ||     1
Armor: Ring mail         |     8 |       |       ||     8
       Scale mail        |    29 |    77 |       ||   106
       Plate armour      |       |    39 |   356 ||   395
Dodge: Dodged            |    40 |    89 |   166 ||   295
